 Dungeon Crawl Stone Soup version 0.29.0-4-gdea44cf6ec (webtiles) character file.

Game seed: 5977358790831124684

146 qw the Ruffian (level 5, 0/41 HPs)
             Began as a Ghoul Enchanter on Sept 5, 2022.
             Killed from afar by an orc wizard (9 damage)
             ... with a magic dart
             ... on level 3 of the Dungeon.
             The game lasted 00:01:34 (2982 turns).

qw the Ruffian (Ghoul Enchanter)                    Turns: 2982, Time: 00:01:34

Health: 0/41       AC:  5    Str: 14    XL:     5   Next: 28%
Magic:  6/6        EV: 11    Int: 10    God:
Gold:   128        SH:  0    Dex:  9    Spells: 7/7 levels left

rFire   . . .      SeeInvis .     - Unarmed
rCold   + + .      Faith    .   (no shield)
rNeg    + + +      Spirit   .   f - +0 leather armour {rC+}
rPois   inf        Reflect  .   (no helmet)
rElec   .          Harm     .   (no cloak)
rCorr   .          Rampage  .   b - +0 pair of gloves
Will    .....                   g - +0 pair of boots
Stlth   ++........              (no amulet)
HPRegen 0.00/turn               (no ring)
MPRegen 0.10/turn               (no ring)

@: about to teleport, inhibited regen
A: claws 1, cold resistance 1, negative energy resistance 3, inhibited
regeneration, torment resistance 2, devour on kill
a: no special abilities


You were on level 3 of the Dungeon.
You visited 1 branch of the dungeon, and saw 3 of its levels.

You collected 128 gold pieces.


Innate Abilities, Weirdness & Mutations

You are immune to poison.
You have sharp fingernails.
Your flesh is cold resistant. (rC+)
You are immune to negative energy. (rN+++)
You do not regenerate when monsters are visible.
You are immune to unholy pain and torment.
You thrive by killing the living.


   Skills:
 - Level 2.0 Fighting
 - Level 0.8 Short Blades
 - Level 1.7 Dodging
 - Level 3.2 Stealth
 + Level 4.7 Unarmed Combat
 - Level 1.7 Spellcasting
 - Level 2.4 Hexes


You had 7 spell levels left.
You didn't know any spells.
Your spell library contained the following spells:

 Spells                   Type           Power      Damage    Failure   Level
 Ensorcelled Hibernation  Hex/Ice        6%         N/A       36%         2
 Confusing Touch          Hex            5%         N/A       41%         3
 Tukima's Dance           Hex            5%         N/A       41%         3
 Dazzling Flash           Conj/Hex       6%         N/A       58%         3

Inventory:

Armour
 b - a +0 pair of gloves (worn)
 f - a +0 leather armour of cold resistance (worn)
 g - a +0 pair of boots (worn)
 l - a +0 scale mail
Scrolls
 k - 2 scrolls of identify
 m - a scroll of brand weapon
Potions
 a - a potion of flight {unknown}
 c - a potion of ambrosia {unknown}
 d - a potion of might
 e - a potion of mutation
 h - a potion of attraction {unknown}
 i - a potion of curing

Dungeon Overview and Level Annotations

Branches:
Dungeon (3/15)

Altars:


Message History

You hear some strange, mumbled words.
A magic dart appears from out of thin air!
The magic dart hits you.
The orc wizard hits you but does no damage.
You hit the orc wizard.
The orc wizard is moderately wounded.
You hit the orc wizard but do no damage.
The orc wizard is moderately wounded.
The orc hits you with a +0 mace.
You hear some strange, mumbled words.
A magic dart appears from out of thin air!
The magic dart hits you.
The orc wizard hits you but does no damage.
You barely miss the orc wizard.
The orc wizard is moderately wounded.
The orc barely misses you. The orc wizard casts a spell at you.
You resist with some effort.
You hear some strange, mumbled words.
A puff of flame appears from out of thin air!
The puff of flame hits you!
You hit the orc wizard but do no damage.
The orc wizard is moderately wounded.
The orc hits you but does no damage. Something hits you.
The orc wizard casts a spell at you. The magic dart hits you.
2981 ||| READING scroll of teleportation.
As you read the scroll of teleportation, it crumbles to dust.
You feel strangely unstable. The orc misses you.
The orc wizard hits you but does no damage.
Something hits you but does no damage.
You closely miss the orc wizard.
The orc wizard is moderately wounded.
The orc hits you but does no damage.
The orc wizard hits you with a +0 dagger.
You hear some strange, mumbled words.
A magic dart appears from out of thin air!
The magic dart hits you!
You die...

..# #..# #.##....
#.###...#####.#..####
.....................
.#..#########..######
.##.# ###.## .# .#
#.).:######### ## .#
#....#..#........ #
...####........... .#
#..#)@o......
#.##.{o...... ### #.
##.###.### ... ##
#..# # .###
#.(....o.. ....
#.....o.... .###
...#........ ....
.........o... ####
##..##........


You could see an orc wizard and an orc.

Vanquished Creatures
  4 gnolls (D:3)
  5 adders
  A worm (D:3)
  2 dart slugs
  3 orcs (D:3)
  5 bats
  4 endoplasms
  A giant cockroach (D:1)
  4 goblins
  4 hobgoblins
  2 quokkas
  A ball python (D:3)
  2 frilled lizards (D:2)
  8 kobolds
  9 rats
55 creatures vanquished.

Notes
Turn   | Place    | Note
-------+----------+-------------------------------------------
     0 | D:1      | qw the Ghoul Enchanter began the quest for the Orb.
     0 | D:1      | Reached XP level 1. HP: 14/14 MP: 2/2
     0 | D:1      | 0 ||| qw: Version: 0.1-a-104-g96f76f8
     0 | D:1      | 0 ||| qw: Game counter: 5809
     0 | D:1      | 0 ||| qw: Always use a shield: true
     0 | D:1      | 0 ||| qw: God list: Okawaru
     0 | D:1      | 0 ||| qw: Allow faded altars: false
     0 | D:1      | 0 ||| qw: Do Orc after D:15 true
     0 | D:1      | 0 ||| qw: Do second Lair branch before Depths: true
     0 | D:1      | 0 ||| qw: Lair rune preference: random
     0 | D:1      | 0 ||| qw: Plans: Normal
     0 | D:1      | 0 ||| PLANNING D:1-11
     1 | D:1      | 1 ||| DROPPING +1 dagger.
   107 | D:1      | 107 ||| Stepping ~*~*~tactically~*~*~ (stealth).
   111 | D:1      | 111 ||| Stepping ~*~*~tactically~*~*~ (hiding).
   113 | D:1      | 113 ||| Stepping ~*~*~tactically~*~*~ (hiding).
   130 | D:1      | Reached skill level 1 in Unarmed Combat
   388 | D:1      | Reached XP level 2. HP: 21/22 MP: 3/3
   426 | D:1      | Reached skill level 1 in Fighting
   837 | D:1      | Found a faded altar of an unknown god.
   997 | D:1      | Reached skill level 2 in Unarmed Combat
  1183 | D:1      | 1183 ||| UPGRADING to +0 leather armour of cold resistance.
  1193 | D:1      | 1193 ||| DROPPING +0 robe.
  1194 | D:1      | 1194 ||| UPGRADING to +0 pair of boots.
  1199 | D:1      | 1199 ||| READING scroll labelled QALEHA POELL.
  1200 | D:1      | 1200 ||| READING scroll labelled ZUCLOTW LENA.
  1205 | D:1      | 1205 ||| READING scroll labelled PIASAI BOED.
  1206 | D:1      | 1206 ||| DRINKING 2 smoky purple potions.
  1207 | D:1      | 1207 ||| DRINKING 2 fuming blue potions.
  1208 | D:1      | 1208 ||| DRINKING 3 silvery potions.
  1209 | D:1      | 1209 ||| DROPPING 2 potions of invisibility.
  1315 | D:2      | Reached XP level 3. HP: 24/28 MP: 4/4
  1388 | D:2      | 1388 ||| Stepping ~*~*~tactically~*~*~ (stealth).
  1400 | D:2      | Reached skill level 3 in Unarmed Combat
  1815 | D:2      | Reached XP level 4. HP: 35/35 MP: 5/5
  1899 | D:2      | 1899 ||| UPGRADING to +0 pair of gloves.
  1904 | D:2      | 1904 ||| READING 2 scrolls labelled PAUQOE XIKO.
  1905 | D:2      | 1905 ||| READING scroll labelled BEAHURHAI ISOP.
  1906 | D:2      | 1906 ||| READING scroll labelled IMIUTI XEISIGE.
  1907 | D:2      | 1907 ||| READING scroll labelled VECLER KAMMUYLO.
  2008 | D:3      | 2008 ||| Stepping ~*~*~tactically~*~*~ (stealth).
  2010 | D:3      | 2010 ||| Stepping ~*~*~tactically~*~*~ (stealth).
  2013 | D:3      | 2013 ||| Stepping ~*~*~tactically~*~*~ (outnumbered).
  2014 | D:3      | 2014 ||| Stepping ~*~*~tactically~*~*~ (outnumbered).
  2015 | D:3      | 2015 ||| Stepping ~*~*~tactically~*~*~ (outnumbered).
  2016 | D:3      | 2016 ||| Stepping ~*~*~tactically~*~*~ (outnumbered).
  2017 | D:3      | 2017 ||| Stepping ~*~*~tactically~*~*~ (outnumbered).
  2103 | D:3      | 2103 ||| Stepping ~*~*~tactically~*~*~ (stealth).
  2107 | D:3      | 2107 ||| Stepping ~*~*~tactically~*~*~ (stealth).
  2110 | D:3      | 2110 ||| Stepping ~*~*~tactically~*~*~ (stealth).
  2199 | D:3      | 2199 ||| Stepping ~*~*~tactically~*~*~ (stealth).
  2209 | D:3      | 2209 ||| Stepping ~*~*~tactically~*~*~ (stealth).
  2211 | D:3      | 2211 ||| Stepping ~*~*~tactically~*~*~ (stealth).
  2213 | D:3      | 2213 ||| Stepping ~*~*~tactically~*~*~ (stealth).
  2220 | D:3      | 2220 ||| Stepping ~*~*~tactically~*~*~ (outnumbered).
  2228 | D:3      | Reached skill level 4 in Unarmed Combat
  2284 | D:3      | 2284 ||| Stepping ~*~*~tactically~*~*~ (stealth).
  2288 | D:3      | 2288 ||| FLEEEEING.
  2289 | D:3      | 2289 ||| FLEEEEING.
  2291 | D:3      | 2291 ||| FLEEEEING.
  2397 | D:3      | 2397 ||| Stepping ~*~*~tactically~*~*~ (stealth).
  2421 | D:3      | 2421 ||| Stepping ~*~*~tactically~*~*~ (stealth).
  2425 | D:3      | 2425 ||| Stepping ~*~*~tactically~*~*~ (stealth).
  2525 | D:3      | 2525 ||| FLEEEEING.
  2526 | D:3      | 2526 ||| FLEEEEING.
  2527 | D:3      | 2527 ||| FLEEEEING.
  2528 | D:3      | 2528 ||| FLEEEEING.
  2529 | D:3      | 2529 ||| FLEEEEING.
  2535 | D:3      | 2535 ||| FLEEEEING.
  2536 | D:3      | 2536 ||| FLEEEEING.
  2537 | D:3      | 2537 ||| FLEEEEING.
  2538 | D:3      | 2538 ||| FLEEEEING.
  2544 | D:3      | 2544 ||| FLEEEEING.
  2545 | D:3      | 2545 ||| FLEEEEING.
  2546 | D:3      | 2546 ||| FLEEEEING.
  2547 | D:3      | 2547 ||| FLEEEEING.
  2548 | D:3      | 2548 ||| FLEEEEING.
  2549 | D:3      | 2549 ||| FLEEEEING.
  2550 | D:3      | 2550 ||| FLEEEEING.
  2554 | D:3      | 2554 ||| Stepping ~*~*~tactically~*~*~ (stealth).
  2555 | D:3      | 2555 ||| FLEEEEING.
  2572 | D:3      | Reached XP level 5. HP: 18/41 MP: 6/6
  2954 | D:3      | 2954 ||| Stepping ~*~*~tactically~*~*~ (stealth).
  2958 | D:3      | 2958 ||| Stepping ~*~*~tactically~*~*~ (hiding).
  2959 | D:3      | 2959 ||| Stepping ~*~*~tactically~*~*~ (hiding).
  2960 | D:3      | 2960 ||| Stepping ~*~*~tactically~*~*~ (hiding).
  2964 | D:3      | 2964 ||| Stepping ~*~*~tactically~*~*~ (hiding).
  2972 | D:3      | 2972 ||| DRINKING 3 potions of curing.
  2972 | D:3      | 2972 ||| (to cure confusion)
  2976 | D:3      | 2976 ||| DRINKING 2 potions of curing.
  2976 | D:3      | 2976 ||| (to cure confusion)
  2980 | D:3      | HP: 10/41 [orc wizard/magic dart (5)]
  2981 | D:3      | 2981 ||| READING scroll of teleportation.
  2982 | D:3      | Killed from afar by an orc wizard

Levels and vault maps discovered:
D:1:      amcnicky_arrival_flooded_fountain, layout_basic,
          ebering_ecumenical_altar_hall
D:2:      layout_rooms, serial_bayou_pond_a
D:3:      layout_rooms, minmay_fractal_squares_5

Skill      XL: |  1  2  3  4 |
---------------+-------------+-----
Unarmed Combat | 1 2 3 4 |  4.7
Fighting       | 1 2 |  2.0
Short Blades   | |  0.8
Dodging        | |  1.7
Stealth        | |  3.2
Spellcasting   | |  1.7
Hexes          | |  2.4

Action                   |  1- 3 |  4- 6 || total
-------------------------+-------+-------++-------
Melee: Unarmed           |   125 |   134 ||   259
       Punch             |     2 |     2 ||     4
  Use: Scroll            |     3 |     5 ||     8
       Potion            |     3 |     2 ||     5
 Stab: Distracted        |       |     1 ||     1
Armor: Robe              |     8 |       ||     8
       Leather armour    |    14 |    42 ||    56
Dodge: Dodged            |    65 |    57 ||   122

Table legend:
 A = Non-vault XP
 B = Vault XP
 C = Vault XP percentage of total XP
 D = Non-vault monster count
 E = Vault monster count
 F = Vault count percentage of total count
                 A         B        C        D         E       F
            +---------+---------+-------+---------+---------+-------
      Total |     183 |      26 |  12.4 |      48 |       7 |  12.7
            +---------+---------+-------+---------+---------+-------
        D:1 |      27 |       0 |   0.0 |      16 |       0 |   0.0
        D:2 |      56 |       0 |   0.0 |      13 |       0 |   0.0
        D:3 |     100 |      26 |  20.6 |      19 |       7 |  26.9
            +---------+---------+-------+---------+---------+-------
